 Dungeon Crawl Stone Soup version 0.26-a0-667-g92642533e4 (webtiles) character file.

Game seed: 6831982435409257214

1 Ijustatesigmund the Grasshopper (level 1, 0/9 HPs)
             Began as a Spriggan Wanderer on Oct 16, 2020.
             Slain by a kobold (3 damage)
             ... on level 1 of the Dungeon.
             The game lasted 00:00:37 (64 turns).

Ijustatesigmund the Grasshopper (Spriggan Wanderer)   Turns: 64, Time: 00:00:38

Health: 0/9        AC:  2    Str:  7    XL:     1   Next: 16%
Magic:  5/5        EV: 15    Int: 10    God:
Gold:   0          SH:  0    Dex: 19    Spells: 4/5 levels left

rFire    . . .     SeeInvis +   a - +0 dagger
rCold    . . .     Faith    .   (shield restricted)
rNeg     . . .     Spirit   .   c - +0 robe
rPois    .         Reflect  .   (helmet restricted)
rElec    .         Harm     .   (no cloak)
rCorr    .         Rampage  .   (gloves unavailable)
MR       .....                  (boots unavailable)
Stlth    +++.......             (no amulet)
HPRegen  0.03/turn              (no ring)
MPRegen  0.09/turn              (no ring)

@: very quick
A: very small, unfitting armour, see invisible, speed 3
a: no special abilities


You were on level 1 of the Dungeon.
You visited 1 branch of the dungeon, and saw 1 of its levels.

Inventory:

Hand Weapons
 a - a +0 dagger (weapon)
Armour
 c - a +0 robe (worn)
Wands
 b - a wand of random effects (15)
Scrolls
 d - a scroll of remove curse {unknown}


   Skills:
 + Level 1.1 Short Blades
 + Level 3.0 Stealth
 + Level 2.8 Spellcasting
 + Level 1.0 Conjurations
   Level 3.0 Translocations
 + Level 2.6 Evocations


You had 4 spell levels left.
You knew the following spells:

 Your Spells              Type           Power        Failure   Level
a - Magic Dart            Conj           #...         19%         1

Your spell library contained the following spells:

 Spells                   Type           Power        Failure   Level
 Blink                    Tloc           N/A          13%         2
 Call Imp                 Summ           #.......     41%         2
 Slow                     Hex            #.......     41%         2
 Conjure Flame            Conj/Fire      #.......     56%         3
 Mephitic Cloud           Conj/Pois/Air  #.......     58%         3


Dungeon Overview and Level Annotations

Branches:
Dungeon (1/15)

Altars:


Innate Abilities, Weirdness & Mutations

You are very small and have problems with some larger weapons.
You are too small for most types of armour.
You have supernaturally acute eyesight. (SInv)
You cover ground extremely quickly.


Message History

You miss the kobold.
The kobold is moderately wounded.
The kobold closely misses you.
You closely miss the kobold.
The kobold is moderately wounded.
The kobold hits you.
You barely miss the kobold.
The kobold is moderately wounded.
The kobold hits you.
A kobold is nearby!
You hit the kobold but do no damage.
The kobold is moderately wounded.
The kobold hits you.
You closely miss the kobold.
The kobold is moderately wounded.
The kobold barely misses you.
You hit the kobold but do no damage.
The kobold is moderately wounded.
The kobold hits you.
You die...

##############
#.............
###..(.......... #
#.'..)[......... #
#.#............. #
#.#...........(. #
#.#.............
#########.#.............
...[.....>#.....@.......
##.########......K......
##.# #............. ##.#
#............. ##.#
#............. ##.#
#............## ##.#
#............# #.#
#............# ...


You could see a kobold.

Vanquished Creatures
  A kobold (D:1)
1 creature vanquished.

Notes
Turn   | Place    | Note
-------+----------+-------------------------------------------
     0 | D:1      | Ijustatesigmund the Spriggan Wanderer began the quest for
                  | the Orb.
     0 | D:1      | Ijustatesigmund set off with the following items: a +0
                  | dagger, a wand of random effects (15), a +0 robe; and the
                  | following spell memorised: Magic Dart; and the following
                  | spells available to memorise: Blink, Call Imp, Slow,
                  | Conjure Flame, Mephitic Cloud
     0 | D:1      | Reached XP level 1. HP: 9/9 MP: 5/5
    64 | D:1      | Slain by a kobold

Illustrated notes

Levels and vault maps discovered:
D:1:      elethiomel_arrival_maze, layout_basic

Action                   || total
-------------------------++-------
Melee: Dagger            ||    10
 Stab: Sleeping          ||     1
Armor: Robe              ||     1
Dodge: Dodged            ||     5

Table legend: (Time is in decaauts)
 A = Elapsed time spent in this place.
 B = Non-inter-level travel time spent in this place.
 C = Inter-level travel time spent in this place.
 D = Time resting spent in this place.
 E = Time spent auto-exploring this place.
 F = Levels seen in this place.
 G = Mean time per level.
                   A        B        C        D        E       F      G
               +--------+--------+--------+--------+--------+-----+--------+
         Total |     42 |     42 |      0 |      0 |     25 |   1 |   42.0 |
       Dungeon |     42 |     42 |      0 |      0 |     25 |   1 |   42.0 |
               +--------+--------+--------+--------+--------+-----+--------+

Top non-repeatable levels by time:
     D:1: 42 daAuts
